 Dungeon Crawl Stone Soup version 0.31-a0-1059-g83d41fd8b6 (webtiles) character file.

Game seed: 8479280515134370402

1133 Avanven the Carver (level 8, -2/58 HPs)
             Began as a Demonspawn Fighter on Nov 21, 2023.
             Was a Follower of Okawaru.
             Killed from afar by a white imp (9 damage)
             ... with a puff of frost
             ... on level 5 of the Dungeon.
             The game lasted 00:06:50 (4192 turns).

Avanven the Carver (Demonspawn Fighter)             Turns: 4192, Time: 00:06:51

Health: -2/58      AC: 10    Str: 18    XL:     8   Next: 14%
Magic:  8/8        EV:  9    Int: 11    God:    Okawaru [*.....]
Gold:   276        SH:  8    Dex: 12    Spells: 7/7 levels left

rFire   . . .        a - +1 long sword
rCold   . . .        c - +0 buckler
rNeg    . . .        b - +1 scale mail
rPois   .            (no helmet)
rElec   .            (no cloak)
rCorr   .            (no gloves)
SInv    .            (no boots)
Will    .....        t - amulet of regeneration Stlth
                     (no ring)
HPRegen 1.09/turn    (no ring)
MPRegen 0.11/turn

%: no passive effects
@: no status effects
A: thin metallic scales 2, foul stench 1, condensation shield
a: Renounce Religion, Heroism


You were on level 5 of the Dungeon.
You worshipped Okawaru.
Okawaru was aware of your devotion.
You visited 2 branches of the dungeon, and saw 6 of its levels.

You collected 276 gold pieces.

Inventory:

Hand Weapons
 a - a +1 long sword (weapon)
Missiles
 k - a throwing net (quivered)
Armour
 b - a +1 scale mail (worn)
 c - a +0 buckler (worn)
Jewellery
 q - an amulet of the acrobat
 t - an amulet of regeneration (around neck)
Scrolls
 i - 3 scrolls of blinking
 j - 3 scrolls of enchant armour
 p - a scroll of fog
 r - a scroll of brand weapon {unknown}
Potions
 d - 3 potions of might
 e - a potion of enlightenment
 f - a potion of cancellation
 g - a potion of heal wounds {unknown}
 h - a potion of mutation {unknown}
 l - 2 potions of lignification
 m - a potion of attraction {unknown}
 n - a potion of degeneration {unknown}
 o - a potion of brilliance {unknown}


   Skills:
 - Level 3.0 Fighting
 + Level 9.1 Long Blades
 - Level 2.6 Armour
 - Level 2.6 Shields


You had 7 spell levels left.
You didn't know any spells.
Your spell library contained the following spells:

 Spells                   Type           Power      Damage    Failure   Level
 Freeze                   Ice            0%         1d3       82%         1
 Sublimation of Blood     Necr           0%         N/A       91%         2
 Frozen Ramparts          Ice            0%         1d1       99%         3
 Hailstorm                Conj/Ice       0%         3d3       99%         3
 Petrify                  Tmut/Erth      0%         N/A       100%        4
 Irradiate                Conj/Tmut      0%         3d11      100%        5


Dungeon Overview and Level Annotations

Branches:
Dungeon (5/15)             Temple (1/1) D:4

Altars:
Ashenzari
Cheibriados
Dithmenos
Fedhas
Gozag
Hepliaklqana
Kikubaaqudgha
Makhleb
Nemelex Xobeh
Okawaru
Qazlal
Ru
Sif Muna
Trog
Uskayaw
Vehumet
Wu Jian
Xom
Yredelemnul

Shops:
D:4 (

Annotations:
D:3 1 runed translucent door, Crazy Yiuf


Innate Abilities, Weirdness & Mutations

You are mostly covered in thin metallic scales. (AC +3)
You may rarely emit foul miasma when damaged in melee.
A meltable shield of frost defends you. (SH +4)


Message History

You are too injured to fight recklessly!
You are too injured to fight recklessly!
You hit Menkaure but do no damage.
Menkaure is heavily damaged.
Menkaure hits you but does no damage. You block the white imp's attack.
You block Menkaure's attack.
You hit Menkaure but do no damage.
Menkaure is heavily damaged.
The white imp gestures at you. The puff of frost misses you.
You block Menkaure's attack.
You hit Menkaure.
Menkaure is heavily damaged.
The white imp hits you but does no damage.
You block Menkaure's attack.
You hit Menkaure.
Menkaure is severely damaged.
The white imp gestures at you.
The puff of frost hits you but does no damage.
Menkaure barely misses you.
You hit Menkaure but do no damage.
Menkaure is severely damaged.
The white imp gestures at you. The puff of frost hits you!
* * * LOW HITPOINT WARNING * * *
Menkaure hits you but does no damage.
You hit Menkaure.
Menkaure is almost destroyed.
Menkaure calls on the powers of darkness!
Your body is wracked with pain!
* * * LOW HITPOINT WARNING * * *
The white imp hits you.
* * * LOW HITPOINT WARNING * * *
The white imp freezes you.
* * * LOW HITPOINT WARNING * * *
You hit Menkaure.
You destroy Menkaure!
Okawaru accepts your kill. The white imp gestures at you.
The puff of frost hits you!
You die...

##.(.##...####.#
##...##...####.#
#...)........#..
#............#...
#...†........#...
####
####+#..#...#### .
#....#..#..#######
............#
......5@....#
............#
............#
#...!.#......#
#...##########
.... ... ..


You could see a white imp.

Vanquished Creatures
  Menkaure (D:5)
  A water moccasin (D:5)
  Pargi (D:3)
  2 black bears (D:5)
  A phantom (D:4)
  2 centaurs (D:5)
  3 scorpions
  A hound (D:5)
  2 jellies
  3 iguanas
  Robin (D:3)
  4 gnolls (D:4)
  3 adders
  A white imp (D:5)
  2 worms
  7 dart slugs
  13 orcs
  5 ball pythons
  8 endoplasms
  2 giant cockroaches (D:1)
  3 goblins
  9 hobgoblins
  3 jackals (D:3)
  5 kobolds
  A quokka (D:1)
  5 bats
  2 frilled lizards (D:1)
  5 rats
96 creatures vanquished.

Notes
Turn   | Place    | Note
-------+----------+-------------------------------------------
     0 | D:1      | Avanven the Demonspawn Fighter began the quest for the Orb.
     0 | D:1      | Reached XP level 1. HP: 18/18 MP: 1/1
    20 | D:1      | Reached skill level 2 in Long Blades
   203 | D:1      | Gained mutation: You are partially covered in thin metallic
                  | scales. (AC +2) [demonic ancestry]
   203 | D:1      | Reached XP level 2. HP: 24/24 MP: 2/2
   579 | D:1      | Reached skill level 3 in Long Blades
   978 | D:2      | Gained mutation: A meltable shield of frost defends you.
                  | (SH +4) [demonic ancestry]
   978 | D:2      | Reached XP level 3. HP: 29/29 MP: 3/3
  1731 | D:3      | Noticed Pargi
  1753 | D:3      | Killed Pargi
  1754 | D:3      | Reached skill level 4 in Long Blades
  1754 | D:3      | Reached XP level 4. HP: 18/35 MP: 4/4
  1754 | D:3      | Gained mutation: You may rarely emit foul miasma when
                  | damaged in melee. [demonic ancestry]
  1754 | D:3      | Reached XP level 5. HP: 22/41 MP: 5/5
  1844 | D:3      | Noticed Robin
  1857 | D:3      | Killed Robin
  1858 | D:3      | Reached skill level 5 in Long Blades
  1878 | D:3      | Found a runed translucent door.
  1879 | D:3      | Noticed Crazy Yiuf
  2652 | D:4      | Gained mutation: You are mostly covered in thin metallic
                  | scales. (AC +3) [demonic ancestry]
  2652 | D:4      | Reached XP level 6. HP: 27/47 MP: 6/6
  2890 | D:4      | Reached skill level 6 in Long Blades
  2931 | D:4      | Found Boromaff's Antique Weapon Boutique.
  3072 | D:4      | Found a staircase to the Ecumenical Temple.
  3089 | Temple   | Entered the Ecumenical Temple
  3160 | Temple   | Became a worshipper of Warmaster Okawaru
  3756 | D:5      | Entered Level 5 of the Dungeon
  3766 | D:5      | Reached skill level 7 in Long Blades
  3766 | D:5      | Reached XP level 7. HP: 41/52 MP: 7/7
  3893 | D:5      | Found a shadowy altar of Dithmenos.
  3894 | D:5      | Found a stormy altar of Qazlal.
  3916 | D:5      | Found an ancient bone altar of Kikubaaqudgha.
  3952 | D:5      | Found an opulent altar of Gozag.
  3953 | D:5      | Found a hide-covered altar of Uskayaw.
  3994 | D:5      | Reached * piety under Okawaru
  4014 | D:5      | Reached skill level 8 in Long Blades
  4129 | D:5      | Reached XP level 8. HP: 58/58 MP: 8/8
  4168 | D:5      | Reached skill level 9 in Long Blades
  4177 | D:5      | Noticed Menkaure
  4192 | D:5      | Killed Menkaure
  4192 | D:5      | Killed from afar by a white imp

Illustrated notes

Levels and vault maps discovered:
D:1:      kilobyte_arrival_exit_the_forest, layout_basic
D:2:      layout_basic, minmay_close_crescents
D:3:      layout_basic, uniq_crazy_yiuf_cottage, uniq_robin, uniq_pargi
D:4:      layout_gridville, minmay_temple_entry_sparse_star, serial_shops,
          nicolae_shop_overgrown_old_shop, ebering_dispersal_statue_hall
D:5:      layout_gridville, nicolae_overflow_hidden_temple, grunt_ministairs_15,
          uniq_menkaure
Temple:   minmay_temple_bridge_d

Skill      XL: |  1  2  3  4  5  6  7  8 |
---------------+-------------------------+-----
Long Blades    | 2 3 4 5 7 8 9 |  9.1
Fighting       | |  3.0
Armour         | |  2.6
Shields        | |  2.6

Action                     |  1- 3 |  4- 6 |  7- 9 || total
---------------------------+-------+-------+-------++-------
  Melee: Long sword        |   150 |   184 |    92 ||   426
    Use: Scroll            |     3 |     7 |       ||    10
 Armour: Scale mail        |   130 |   105 |    88 ||   323
  Dodge: Dodged            |    73 |    56 |    40 ||   169
  Block: Buckler           |    50 |    92 |    54 ||   196

Table legend: (Time is in decaauts)
 A = Elapsed time spent in this place.
 B = Non-inter-level travel time spent in this place.
 C = Inter-level travel time spent in this place.
 D = Time resting spent in this place.
 E = Time spent auto-exploring this place.
 F = Levels seen in this place.
 G = Mean time per level.
                   A        B        C        D        E       F      G
               +--------+--------+--------+--------+--------+-----+--------+
         Total |   4274 |   3968 |    306 |    474 |   2530 |   6 |  712.3 |
       Dungeon |   4133 |   3960 |    173 |    474 |   2530 |   5 |  826.6 |
        Temple |    140 |      7 |    133 |      0 |      0 |   1 |  140.0 |
               +--------+--------+--------+--------+--------+-----+--------+

Top non-repeatable levels by time:
     D:4: 1205 daAuts
     D:1: 899 daAuts
     D:3: 876 daAuts
     D:2: 713 daAuts
     D:5: 439 daAuts
  Temple: 140 daAuts
